 Dungeon Crawl Stone Soup version 0.32-a0-886-g41c5271027 (webtiles) character file.

Game seed: 11819167621167991726

4 Lanoc the Ruffian (level 1, 0/15 HPs)
             Began as a Demonspawn Shapeshifter on Apr 2, 2024.
             Slain by a frilled lizard (3 damage)
             ... on level 1 of the Dungeon.
             The game lasted 00:00:15 (113 turns).

Lanoc the Ruffian (Demonspawn Shapeshifter)          Turns: 113, Time: 00:00:15

Health: 0/15       AC:  2    Str: 14    XL:     1   Next: 58%
Magic:  1/1        EV: 11    Int: 10    God:
Gold:   7          SH:  0    Dex: 12    Spells: 0/0 levels left

rFire   . .          .
                       - Unarmed
rCold   . . .        (no shield)
rNeg    . . .        a - +0 animal skin
rPois   .            (helmet currently unavailable)
rElec   .            (cloak currently unavailable)
rCorr   .            (gloves currently unavailable)
SInv    .            (boots currently unavailable)
Will    .....        (no amulet)
Stlth   +            (no ring)
HPRegen 0.22/turn    (no ring)
MPRegen 0.07/turn

%: no passive effects
@: beast-form
A: beast (slay +1)
a: Begin Untransformation


You were on level 1 of the Dungeon.
You were a hulking beast.
You visited 1 branch of the dungeon, and saw 1 of its levels.

You collected 7 gold pieces.

Inventory:

Armour
 a - a +0 animal skin (worn)
Talismans
 c - a beast talisman (active)
 d - a flux talisman
Scrolls
 e - a scroll of amnesia {unknown}
Potions
 b - a potion of lignification
 f - a potion of curing {unknown}


   Skills:
 + Level 1.1 Fighting
 + Level 1.8 Dodging
 * Level 2.8 Unarmed Combat
 * Level 2.7 Shapeshifting


You couldn't memorise any spells.
You didn't know any spells.
Your spell library was empty.

Dungeon Overview and Level Annotations

Branches:
Dungeon (1/15)

Altars:


Message History

A rat, a frilled lizard and a ball python come into view.
The ball python hisses angrily.
The rat squeaks loudly. x2
An endoplasm comes into view.
The frilled lizard hisses angrily.
You hear a shout!
A goblin comes into view. It is wielding a +0 club.
Found 6 gold pieces and 5 stones.
Found a stone staircase leading down.
The goblin shouts!
You hear an angry hiss.
A rat comes into view.
The rat barely misses you.
A giant cockroach comes into view.
You see here a scroll labelled SAERUO ICIXKIFISCH.
The rat squeaks loudly.
You hit the rat.
The rat is severely wounded.
The rat closely misses you.
A frilled lizard comes into view.
You hit the rat.
You kill the rat!
You barely miss the rat. The rat bites you.
A dart slug comes into view.
The ball python bites you. The ball python grabs you.
The ball python constricts you.
You hit the ball python.
The ball python is moderately wounded.
The endoplasm freezes you.
You are frozen.
The rat bites you but does no damage. The ball python bites you.
The ball python constricts you.
You hit the ball python.
You kill the ball python!
The endoplasm hits you. The rat barely misses you.
An endoplasm comes into view.
The endoplasm quivers.
The endoplasm jiggles.
You see here a white potion.
You closely miss the goblin. The goblin hits you with a +0 club.
* * * LOW HITPOINT WARNING * * *
You hit the goblin.
You kill the goblin!
You miss the frilled lizard. The frilled lizard misses you.
You completely miss the frilled lizard. The frilled lizard bites you.
You die...

.# #...#...##....#
....
.#######.####....#
###
...#.....#.......##
##.#.#####.##.....#
#...# # #.)...#
#.### #..##..... .
...# #..# #......
#### #..####.....
#.Jlh.......
#.r######### ##?#
#.Jrl.$..>#
#..B.l(...#
#J........#
..........#
#......)...#
##.........#


You could see an endoplasm, a frilled lizard and a rat.

Vanquished Creatures
  2 goblins (D:1)
  A ball python (D:1)
  A kobold (D:1)
  A rat (D:1)
5 creatures vanquished.

Notes
Turn   | Place    | Note
-------+----------+-------------------------------------------
     0 | D:1      | Lanoc the Demonspawn Shapeshifter began the quest for the
                  | Orb.
     0 | D:1      | Reached XP level 1. HP: 15/15 MP: 1/1
   113 | D:1      | Slain by a frilled lizard

Illustrated notes

Levels and vault maps discovered:
D:1:      elethiomel_arrival_maze, layout_rooms

Action                     || total
---------------------------++-------
  Melee: Unarmed           ||    12
 Armour: Animal skin       ||    12
  Dodge: Dodged            ||     4

Table legend: (Time is in decaauts)
 A = Elapsed time spent in this place.
 B = Non-inter-level travel time spent in this place.
 C = Inter-level travel time spent in this place.
 D = Time resting spent in this place.
 E = Time spent auto-exploring this place.
 F = Levels seen in this place.
 G = Mean time per level.
                   A        B        C        D        E       F      G
               +--------+--------+--------+--------+--------+-----+--------+
         Total |    112 |    112 |      0 |      0 |     84 |   1 |  112.0 |
       Dungeon |    112 |    112 |      0 |      0 |     84 |   1 |  112.0 |
               +--------+--------+--------+--------+--------+-----+--------+

Top non-repeatable levels by time:
     D:1: 112 daAuts
